 Dungeon Crawl Stone Soup version 0.27-a0-1188-g73eefd5def (webtiles) character file.

Game seed: 8722517229174197990

341 snetch the Digger (level 6, -13/35 HPs)
             Began as a Gargoyle Earth Elementalist on May 21, 2021.
             Was a Believer of Kikubaaqudgha.
             Mangled by an ogre
             ... wielding a +0 giant spiked club
              (31 damage)
             ... on level 4 of the Dungeon.
             The game lasted 00:12:39 (2940 turns).

snetch the Digger (Gargoyle Earth Elementalist)     Turns: 2940, Time: 00:12:39

Health: -13/35     AC:  9    Str: 12    XL:     6   Next: 56%
Magic:  4/10       EV: 11    Int: 17    God:    Kikubaaqudgha [**....]
Gold:   58         SH:  0    Dex: 10    Spells: 5/11 levels left

rFire    . . .     SeeInvis .   j - +0 trident
rCold    . . .     Faith    .   (no shield)
rNeg     + . .     Spirit   .   d - +0 leather armour
rPois    ∞         Reflect  .   r - +0 helmet
rElec    +         Harm     .   (no cloak)
rCorr    .         Rampage  .   p - +0 pair of gloves
Will     .....                  (no boots)
Stlth    ++........             o - amulet of regeneration
HPRegen  1.11/turn              (no ring)
MPRegen  0.12/turn              (no ring)

@: no status effects
A: sickness immunity, AC +4, negative energy resistance 1, electricity
resistance, torment resistance 1, petrification resistance
a: Renounce Religion, Receive Corpses


You were on level 4 of the Dungeon.
You worshipped Kikubaaqudgha.
Kikubaaqudgha was pleased with you.
You visited 1 branch of the dungeon, and saw 4 of its levels.

You collected 58 gold pieces.

Inventory:

Hand Weapons
 g - a +0 short sword
 j - a +0 trident (weapon)
Missiles
 a - 21 sling bullets
 b - 76 stones
 s - 29 arrows
Armour
 c - a +0 robe
 d - a +0 leather armour (worn)
 h - a +0 chain mail
 k - a +0 scale mail
 l - a +0 ring mail
 p - a +0 pair of gloves (worn)
 r - a +0 helmet (worn)
Jewellery
 o - an amulet of regeneration (around neck)
Scrolls
 e - a scroll of fog {unknown}
 f - 4 scrolls of identify {unknown}
 m - 2 scrolls of vulnerability {unknown}
 n - a scroll of acquirement {unknown}
 q - a scroll of noise {unknown}
Potions
 i - 2 potions of haste {unknown}


   Skills:
 + Level 1.6 Fighting
 + Level 2.4 Armour
 + Level 2.4 Dodging
 + Level 2.5 Stealth
 + Level 3.1 Spellcasting
 * Level 1.7 Conjurations
 + Level 0.4 Necromancy
 + Level 0.7 Transmutations
 * Level 5.6 Earth Magic


You had 5 spell levels left.
You knew the following spells:

 Your Spells              Type           Power      Damage    Failure   Level
a - Sandblast             Erth           42%        2d11      2%          1
b - Stone Arrow           Conj/Erth      30%        3d8       14%         3
c - Pain                  Necr           16%        1d4       19%         1
d - Animate Skeleton      Necr           8%         N/A       19%         1

Your spell library contained the following spells:

 Spells                   Type           Power      Damage    Failure   Level
 Passwall                 Tmut/Erth      10%        N/A       9%          2
 Summon Small Mammal      Summ           8%         N/A       22%         1
 Corpse Rot               Necr/Air       N/A        N/A       30%         2
 Call Imp                 Summ           2%         N/A       32%         2
 Vampiric Draining        Necr           2%         2d6       50%         3
 Petrify                  Tmut/Erth      13%        N/A       52%         4
 Lee's Rapid Deconstruct  Erth           10%        3d9*      52%         5
 Call Canine Familiar     Summ           2%         N/A       54%         3
 Confusing Touch          Hex            2%         N/A       54%         3
 Gell's Gravitas          Tloc           1%         N/A       54%         3
 Summon Guardian Golem    Hex/Summ       2%         N/A       54%         3
 Summon Ice Beast         Ice/Summ       2%         N/A       91%         4
 Summon Lightning Spire   Summ/Air       2%         N/A       91%         4
 Metabolic Englaciation   Hex/Ice        1%         N/A       99%         5
 Yara's Violent Unravell  Hex/Tmut       1%         3d3       99%         5


Dungeon Overview and Level Annotations

Branches:
Dungeon (4/15)
 Temple: D:4-7

Altars:
Kikubaaqudgha


Innate Abilities, Weirdness & Mutations

You are immune to sickness and miasma.
Your stone body is resilient. (AC +4)
You are immune to poison.
You resist negative energy. (rN+)
You are resistant to electric shocks. (rElec)
You are resistant to unholy torment.
You are immune to petrification.


Message History

The jackal bites you but does no damage.
You see here an adder corpse.
Casting: Stone Arrow (quite dangerous; 14% risk of failure)
Confirm with . or Enter, or press ? or * to list all spells.
You attempt to give life to the dead...
Before your eyes, flesh is ripped from the corpse!
The dead are slithering!
The jackal barely misses you.
The jackal bites you but does no damage.
The adder skeleton bites you but does no damage.
You closely miss the jackal. The jackal misses you.
The jackal bites you but does no damage.
Your adder skeleton bites the jackal.
The jackal bites your adder skeleton.
The jackal bites you but does no damage.
Unknown command.
You hit the jackal.
You kill the jackal!
Kikubaaqudgha accepts your kill.
The jackal bites you but does no damage.
Your adder skeleton bites the jackal but does no damage.
The ogre closely misses you. The jackal barely misses you.
Unknown command.
You hit the ogre.
The ogre is lightly wounded.
Your adder skeleton barely misses the jackal.
The adder skeleton closely misses you. The jackal barely misses you.
Your adder skeleton bites the jackal.
The jackal dies!
Kikubaaqudgha accepts your kill.
Kikubaaqudgha is now protecting you from necromantic miscasts and death curses.
The ogre hits you with a +0 giant spiked club!!
Ouch! That really hurt!
The adder skeleton bites you but does no damage.
You hit the ogre.
The ogre is moderately wounded.
Your adder skeleton barely misses the adder skeleton.
The adder skeleton barely misses you.
The ogre hits you with a +0 giant spiked club!!
Ouch! That really hurt!
You die...
Kikubaaqudgha rasps: "You have failed me!
Welcome... oblivion!"

...... ....#..
.......#### .......
..........# .......
#........# .......
#........###+#
.......###............#
.....!...#....#.......#
.............O).......#
#.........Z@....†..#
#.........†Z..........
##.......<............
#..............#......
#..>...........#......
#...........#####+#+#
#..........##
#..........#
#..........#


You could see an ogre (ally target), an adder skeleton and a friendly adder
skeleton.

Vanquished Creatures
  Grinder (D:2)
  An orc priest (D:3)
  4 adders
  A worm (D:2)
  4 dart slugs
  6 orcs
  4 ball pythons
  2 endoplasms (D:2)
  2 giant cockroaches (D:1)
  4 goblins
  3 hobgoblins
  13 jackals
  2 bats
  4 frilled lizards
  3 kobolds
  4 rats
58 creatures vanquished.

Vanquished Creatures (collateral kills)
  A jackal (D:4)
1 creature vanquished.

Grand Total: 59 creatures vanquished

Notes
Turn   | Place    | Note
-------+----------+-------------------------------------------
     0 | D:1      | snetch the Gargoyle Earth Elementalist began the quest for
                  | the Orb.
     0 | D:1      | Reached XP level 1. HP: 10/10 MP: 3/3
   565 | D:1      | Reached skill level 4 in Earth Magic
   597 | D:1      | Found a faded altar of an unknown god.
   603 | D:1      | Reached XP level 2. HP: 15/15 MP: 3/5
  1034 | D:2      | Reached XP level 3. HP: 8/19 MP: 3/6
  1184 | D:2      | Learned a level 3 spell: Stone Arrow
  1762 | D:1      | Became a worshipper of Kikubaaqudgha
  1762 | D:1      | Reached * piety under Kikubaaqudgha
  1762 | D:1      | Identified Kikubaaqudgha's Reference Book on Stolen Souls
                  | (Kikubaaqudgha gifted it to you on level 1 of the Dungeon)
  1762 | D:1      | Received a gift from Kikubaaqudgha
  1766 | D:1      | Learned a level 1 spell: Pain
  1768 | D:1      | Learned a level 1 spell: Animate Skeleton
  1833 | D:2      | Reached XP level 4. HP: 23/24 MP: 7/7
  1835 | D:2      | Reached skill level 1 in Armour
  1836 | D:2      | Reached skill level 5 in Earth Magic
  2223 | D:2      | Reached skill level 1 in Fighting
  2471 | D:3      | Noticed Grinder
  2483 | D:2      | Reached XP level 5. HP: 28/29 MP: 5/8
  2506 | D:2      | Paralysed by Grinder for 2 turns
  2514 | D:2      | Paralysed by Grinder for 4 turns
  2593 | D:2      | Paralysed by Grinder for 5 turns
  2604 | D:2      | Paralysed by Grinder for 2 turns
  2612 | D:2      | Paralysed by Grinder for 2 turns
  2616 | D:2      | Killed Grinder
  2617 | D:2      | Reached skill level 1 in Conjurations
  2617 | D:2      | Reached XP level 6. HP: 27/35 MP: 0/10
  2939 | D:4      | Reached ** piety under Kikubaaqudgha
  2940 | D:4      | Mangled by an ogre

Illustrated notes

Levels and vault maps discovered:
D:1:      minmay_arrival_widening_spiral_narrow, layout_rooms,
          hellmonk_ecumenical_altar_dog_temple
D:2:      layout_basic
D:3:      layout_rooms, fedhas_altar_fruit_tree, lemuel_another_geyser,
          uniq_grinder
D:4:      layout_basic, vehumet_crystals, ashenzari_conservatory_becter

Skill      XL: |  1  2  3  4  5 |
---------------+----------------+-----
Earth Magic    | 4 5 |  5.6
Armour         | 1 2 |  2.4
Dodging        | 2 |  2.4
Fighting       | 1 |  1.6
Spellcasting   | 3 |  3.1
Conjurations   | 1 |  1.7
Stealth        | |  2.5
Necromancy     | |  0.4
Transmutations | |  0.7

Action                   |  1- 3 |  4- 6 || total
-------------------------+-------+-------++-------
Melee: Unarmed           |    55 |       ||    55
       Short sword       |    21 |       ||    21
       Trident           |    32 |    76 ||   108
 Cast: Sandblast         |    22 |    13 ||    35
       Animate Skeleton  |       |     6 ||     6
       Stone Arrow       |       |     4 ||     4
Armor: Leather armour    |    48 |    45 ||    93
       Robe              |     4 |       ||     4
Dodge: Dodged            |   104 |    71 ||   175

Table legend: (Time is in decaauts)
 A = Elapsed time spent in this place.
 B = Non-inter-level travel time spent in this place.
 C = Inter-level travel time spent in this place.
 D = Time resting spent in this place.
 E = Time spent auto-exploring this place.
 F = Levels seen in this place.
 G = Mean time per level.
                   A        B        C        D        E       F      G
               +--------+--------+--------+--------+--------+-----+--------+
         Total |   2983 |   2867 |    116 |    152 |   1934 |   4 |  745.8 |
       Dungeon |   2983 |   2867 |    116 |    152 |   1934 |   4 |  745.8 |
               +--------+--------+--------+--------+--------+-----+--------+

Top non-repeatable levels by time:
     D:1: 1478 daAuts
     D:2: 1213 daAuts
     D:3: 252 daAuts
     D:4: 40 daAuts
